 Dungeon Crawl Stone Soup version 0.23-a0-130-g0e7800e (console) character file.

58 nht the Gusty (level 3, 0/24 HPs)
             Began as a Demonspawn Wanderer on Aug 27, 2018.
             Slain by an adder (2 damage)
             ... on level 2 of the Dungeon.
             The game lasted 00:03:29 (1062 turns).

nht the Gusty (Demonspawn Wanderer)                 Turns: 1062, Time: 00:03:30

Health: 0/24       AC:  4    Str: 11    XL:     3   Next: 75%
Magic:  1/4        EV: 11    Int: 14    God:
Gold:   40         SH:  0    Dex: 13    Spells: 2/4 levels left

rFire    . . .     SeeInvis .   j - +4 flail
rCold    . . .     Gourm    .   (no shield)
rNeg     . . .     Faith    .   d - +0 robe
rPois    .         Spirit   .   (helmet restricted)
rElec    .         Reflect  .   (no cloak)
rCorr    .         Harm     .   (no gloves)
MR       .....                  (no boots)
Stlth    ++........             (no amulet)
HPRegen  0.08/turn              (no ring)
MPRegen  0.09/turn              (no ring)

@: very slightly contaminated
A: horns 1, yellow scales 1
a: no special abilities


You were on level 2 of the Dungeon.
You were not hungry.

You visited 1 branch of the dungeon, and saw 2 of its levels.

You collected 40 gold pieces.

Inventory:

Hand Weapons
 e - a +0 dagger
 h - a +0 spear
 j - a +4 flail (weapon)
Armour
 d - a +0 robe (worn)
Scrolls
 a - 2 scrolls of identify {unknown}
 c - a scroll of magic mapping {unknown}
 g - 2 scrolls of remove curse {unknown}
 i - 2 scrolls of teleportation {unknown}
Comestibles
 b - 6 chunks of flesh
 f - 3 rations


   Skills:
 + Level 2.1 Maces & Flails
 - Level 1.0 Armour
 - Level 1.0 Stealth
 - Level 1.0 Spellcasting
 + Level 1.2 Conjurations
 + Level 2.0 Ice Magic
 + Level 3.9 Air Magic
   Level 1.0 Evocations


You had 2 spell levels left.
You knew the following spells:

 Your Spells              Type           Power        Failure   Level  Hunger
a - Freeze                Ice            #...         12%         1    ##.....
b - Shock                 Conj/Air       #...         9%          1    ##.....

Your spell library contained the following spells:

 Spells                   Type           Power        Failure   Level  Hunger
 Swiftness                Chrm/Air       #.......     19%         2    ###....
 Flame Tongue             Conj/Fire      #....        21%         1    ##.....
 Static Discharge         Conj/Air       #.......     26%         3    ####...
 Ozocubu's Armour         Chrm/Ice       #.......     45%         3    ####...
 Airstrike                Air            ##........   45%         4    #####..
 Conjure Flame            Conj/Fire      #.......     52%         3    ####...
 Lightning Bolt           Conj/Air       #.........   94%         5    ######.


Dungeon Overview and Level Annotations

Branches:
Dungeon (2/15)

Altars:
Elyvilon
Qazlal


Innate Abilities, Weirdness & Mutations

You have a pair of small horns on your head.
You are partially covered in yellow scales. (AC +2)


Message History

You are too injured to fight recklessly!
You are too injured to fight recklessly!
You completely miss the gnoll. Your headbutt misses the gnoll.
The gnoll is almost dead.
The gnoll closely misses you. The giant cockroach barely misses you.
You sock the gnoll!
You kill the gnoll!
Your Ice Magic skill increases to level 2!
The giant cockroach completely misses you.
The giant cockroach barely misses you. The adder bites you.
* * * LOW HITPOINT WARNING * * *
You hit the adder.
The adder is lightly wounded.
The adder bites you but does no damage.
The giant cockroach waves its antennae.
The giant cockroach completely misses you.
You hit the adder. Your headbutt misses the adder.
The adder is severely wounded.
The adder bites you.
You die...

███.......██
█..........
.█...>... ....... .
..... .██ .(g. ..█
██.█S█ █.█ ♣♣♣
██.██@██.█ ♣♣♣.♣♣♣
♣♣.....s..█ ♣.....♣♣
♣♣........██
.......♣♣♣.......█%█
..≈≈≈...♣...≈≈≈....█
.≈≈≈≈≈.....≈≈≈≈≈...█
.≈≈_≈≈.....≈≈♣≈≈...█
.≈≈≈≈≈....[≈≈≈≈≈..██
..≈≈≈...♣...≈≈≈...█


You could see an adder, a giant cockroach and a goblin.

Vanquished Creatures
  A gnoll (D:2)
  An adder (D:2)
  An ooze (D:2)
  2 worms (D:2)
  A leopard gecko (D:2)
  2 goblins
  5 hobgoblins
  2 jackals (D:2)
  2 kobolds
  A quokka (D:2)
  3 bats (D:1)
  3 frilled lizards
  6 rats
30 creatures vanquished.

Notes
Turn   | Place    | Note
-------+----------+-------------------------------------------
     0 | D:1      | nht the Demonspawn Wanderer began the quest for the Orb.
     0 | D:1      | nht set off with: a +0 robe, a +0 dagger, a ration
     0 | D:1      | Reached XP level 1. HP: 13/13 MP: 1/1
   111 | D:1      | Reached skill level 1 in Spellcasting
   162 | D:1      | Learned a level 1 spell: Freeze
   214 | D:1      | Learned a level 1 spell: Shock
   277 | D:1      | Gained mutation: You have a pair of small horns on your
                  | head. [demonic ancestry]
   277 | D:1      | Reached XP level 2. HP: 11/19 MP: 0/3
   642 | D:2      | Found a white marble altar of Elyvilon.
   886 | D:2      | Found a stormy altar of Qazlal.
   915 | D:2      | Gained mutation: You are partially covered in yellow
                  | scales. (AC +2) [demonic ancestry]
   915 | D:2      | Reached XP level 3. HP: 14/24 MP: 1/4
   943 | D:2      | Reached skill level 1 in Conjurations
   972 | D:2      | Found a faded altar of an unknown god.
  1062 | D:2      | Slain by an adder

Vault maps used:
D:1:      shiori_shiawase, minmay_misc_feat_five
D:2:      old_standard_altar, chequers_ecumenical_altar_twisty,
          kennysheep_cluttered_room, st_stairs_4, elyvilon_altar_3

Skill      XL: |  1  2  3 |
---------------+----------+-----
Spellcasting   | 1 |  1.0
Maces & Flails | 2 |  2.1
Conjurations   | 1 |  1.2
Ice Magic      | 2 |  2.0
Armour         | |  1.0
Stealth        | |  1.0
Air Magic      | |  3.9
Evocations     | |  1.0

Action                   || total
-------------------------++-------
Melee: Dagger            ||    25
       Flail             ||    30
       Spear             ||     5
       Headbutt          ||     4
 Cast: Freeze            ||    36
 Stab: Sleeping          ||     1
  Eat: Chunk             ||     2
Armor: Robe              ||    15
Dodge: Dodged            ||    61

Table legend:
 A = Non-vault XP
 B = Vault XP
 C = Vault XP percentage of total XP
 D = Non-vault monster count
 E = Vault monster count
 F = Vault count percentage of total count
                 A         B        C        D         E       F
            +---------+---------+-------+---------+---------+-------
      Total |      69 |      14 |  16.9 |      29 |       1 |   3.3
            +---------+---------+-------+---------+---------+-------
        D:1 |      18 |       0 |   0.0 |      13 |       0 |   0.0
        D:2 |      51 |      14 |  21.5 |      16 |       1 |   5.9
            +---------+---------+-------+---------+---------+-------
